Map: Ephemeron LE

Players

Tirkus - Winner!

  • Race: Terran Terran
  • League: Gold
  • Spawn Location: 11:00

Slain

  • Race: Terran Terran
  • League: Gold
  • Spawn Location: 5:00

VOD

Have the link to the VOD?

Description

Time

  • Played on: Oct. 17, 2019, 9:55 a.m.
  • Length: 6:31
Show
View Real Time Build Order
Export as new Build Order

Tirkus Terran - Winner!

Build Orders: Reaper Expand 

Get SALT Encoding   

  12  0:01  SCV  
  13  0:13  SCV  
  14  0:17  Supply Depot  
  14  0:25  SCV  
  15  0:39  SCV  
  15  0:41  Barracks  
  16  0:45  Refinery  
  16  0:51  SCV  
  17  1:03  SCV  
  18  1:15  SCV  
  19  1:28  Orbital Command  
  19  1:29  Reaper  
  20  1:45  Command Center  
  21  2:01  SCV  
  21  2:06  Barracks  
  21  2:13  SCV  
  22  2:17  Supply Depot, Barracks Reactor  
  22  2:25  SCV  
  23  2:30  Refinery  
  23  2:35  Factory  
  23  2:39  SCV  
  24  2:53  SCV  
  24  2:58  Marine x2  
  24  2:59  Barracks Tech Lab  
  24  3:05  SCV  
  27  3:07  Orbital Command  
  27  3:17  SCV, Marine x2  
  27  3:19  Stimpack  
  30  3:20  Marauder  
  30  3:24  Factory Tech Lab  
  32  3:29  SCV  
  33  3:34  Starport  
  33  3:35  SCV  
  33  3:41  SCV  
  35  3:42  Marine  
  35  3:44  Marine  
  35  3:47  SCV  
  38  3:53  SCV  
  39  3:56  Siege Tank  
  39  3:59  SCV  
  39  4:01  Marauder  
  45  4:02  Marine  
  46  4:12  Supply Depot  
  46  4:13  Marine  
  47  4:22  SCV  
  47  4:23  SCV  
  49  4:26  Supply Depot  
  48  4:34  SCV  
  48  4:35  Supply Depot, SCV  
  50  4:40  Marine x2  
  50  4:42  Marauder, Siege Tank  
  50  4:45  Starport Tech Lab  
  57  4:48  SCV x2  
  57  4:50  Supply Depot  
  59  5:00  SCV x2  
  59  5:04  Marine x2  
  63  5:10  Banshee  
  66  5:15  Marine  
  66  5:18  Command Center, SCV  
  66  5:19  SCV  
  69  5:30  SCV  
  67  5:57  Marine  
  67  5:58  Marine x2  
  73  6:07  SCV  
  73  6:08  SCV  
  78  6:19  SCV  
Show
View Real Time Build Order
Export as new Build Order

Slain Terran 

Build Orders:  

Get SALT Encoding   

  12  0:02  SCV  
  13  0:14  SCV  
  13  0:20  Supply Depot  
  14  0:26  SCV  
  15  0:53  Barracks  
  15  0:57  SCV  
  15  1:03  Refinery  
  16  1:09  SCV  
  17  1:19  Barracks  
  17  1:21  SCV  
  18  1:33  SCV  
  19  1:45  SCV  
  20  1:56  Command Center  
  20  2:03  Barracks Reactor  
  20  2:08  Supply Depot  
  20  2:09  Barracks Tech Lab  
  20  2:16  Refinery  
  20  2:18  SCV  
  21  2:34  SCV  
  21  2:37  Marauder  
  21  2:42  Marine  
  21  2:43  Marine  
  24  3:08  SCV  
  25  3:15  Marine x2  
  25  3:18  Marauder  
  29  3:21  SCV  
  29  3:23  Supply Depot  
  30  3:33  SCV  
  31  3:34  Factory  
  31  3:45  Marine  
  32  3:58  Engineering Bay  
  32  4:05  Marine  
  32  4:06  Marine  
  34  4:13  SCV  
  34  4:16  Orbital Command  
  35  4:25  SCV  
  36  4:37  SCV  
  37  4:41  Starport  
  37  4:48  Starport  
  37  5:04  Liberator  
  37  5:05  Armory  
  38  5:07  SCV  
  38  5:08  Liberator  
  38  5:10  SCV, Marine  
  38  5:11  Marine  
  45  5:36  Refinery  
  33  5:56  SCV  
  36  5:59  Marauder  
  36  6:08  SCV  
Tags
 
League
GoldGold
Matchup
TvT
Race
Terran
Spawn Locations
Cross Positions
Add a new tag
Caveats
  • Supply blocks, unpowered buildings, or Contaminate may cause inaccurate times.
  • Supply counts are checked every 10 seconds.